 Dungeon Crawl Stone Soup version 0.30-a0-374-g95c0257040 (webtiles) character file.

Game seed: 4411969815310111817

4720 NinjaNoafa the Skirmisher (level 10, -13/46 HPs)
             Began as a Spriggan Hunter on Nov 25, 2022.
             Was an Initiate of Hepliaklqana.
             Killed from afar by an acid dragon (23 damage)
             ... with a splash of acid
             ... on level 9 of the Dungeon.
             The game lasted 00:22:18 (6961 turns).

NinjaNoafa the Skirmisher (Spriggan Hunter)         Turns: 6961, Time: 00:22:19

Health: -13/46     AC:  8    Str:  7    XL:     10   Next: 22%
Magic:  11/11      EV: 19    Int: 11    God:    Hepliaklqana [......]
Gold:   272        SH:  0    Dex: 29    Spells: 9/9 levels left

rFire   . . .      SeeInvis +    I - +1 arbalest (chaos)
rCold   . . .      Faith    .    (shield currently unavailable)
rNeg    . . .      Spirit   .    w - +2 robe {Will+}
rPois   .          Reflect  .    (helmet restricted)
rElec   .          Harm     .    (no cloak)
rCorr   .          Rampage  .    (gloves unavailable)
Will    ++...                    (boots unavailable)
Stlth   +++.......               r - amulet of regeneration
HPRegen 1.07/turn                e - +4 ring of protection
MPRegen 0.12/turn                m - +6 ring of dexterity

@: mighty, hasted, very quick
A: very small, no large weapons, unfitting armour, see invisible, speed 3
a: Renounce Religion


You were on level 9 of the Dungeon.
You worshipped Hepliaklqana.
Hepliaklqana was noncommittal.
You visited 2 branches of the dungeon, and saw 10 of its levels.

You collected 272 gold pieces.

Inventory:

Hand Weapons
 I - a +1 arbalest of chaos (weapon)
Missiles
 d - 98 stones
 t - 9 boomerangs
 v - 22 poisoned darts
 C - 2 atropa-tipped darts
 G - a curare-tipped dart
Armour
 w - a +2 robe of willpower (worn)
Jewellery
 e - a +4 ring of protection (left hand)
 h - a ring of positive energy
 m - a +6 ring of dexterity (right hand)
 r - an amulet of regeneration (around neck)
 D - a +6 ring of intelligence
Wands
 y - a wand of charming (13)
Scrolls
 a - a scroll of poison {unknown}
 b - 4 scrolls of immolation
 f - a scroll of summoning
 l - 6 scrolls of teleportation
 o - 3 scrolls of blinking {unknown}
 u - 2 scrolls of fog
Potions
 c - 2 potions of cancellation {unknown}
 g - 2 potions of curing
 j - 2 potions of attraction
 k - 2 potions of haste
 n - 3 potions of degeneration
 p - 2 potions of mutation
 s - 2 potions of flight
 z - a potion of ambrosia {unknown}
 B - a potion of brilliance
 E - a potion of magic {unknown}
 F - a potion of invisibility {unknown}
 H - a potion of lignification {unknown}


   Skills:
 - Level 1.5 Fighting
 + Level 14.8 Ranged Weapons
 - Level 3.0 Dodging
 - Level 1.5 Stealth
 - Level 2.7 Shields


You had 9 spell levels left.
You didn't know any spells.
Your spell library contained the following spells:

 Spells                   Type           Power      Damage    Failure   Level
 Searing Ray              Conj           0%         2d4       47%         2
 Hailstorm                Conj/Ice       0%         3d3       71%         3
 Stone Arrow              Conj/Erth      0%         3d7       71%         3
 Metabolic Englaciation   Hex/Ice        0%         N/A       100%        5
 Iron Shot                Conj/Erth      0%         9d1       100%        6


Dungeon Overview and Level Annotations

Branches:
Dungeon (9/15)             Temple (1/1) D:7
   Lair: D:8-11         Orc: D:9-12

Altars:
Ashenzari
Cheibriados
Dithmenos
Elyvilon
Fedhas
Gozag
Hepliaklqana
Kikubaaqudgha
Makhleb
Nemelex Xobeh
Okawaru
Qazlal
Ru
Sif Muna
Trog
Uskayaw
Vehumet
Wu Jian
Xom
Yredelemnul
Zin
The Shining One

Shops:
D:2 (   D:8 (

Annotations:
D:6 3 runed translucent doors, greenreed's ghost, novice KoHs
D:9 Grum


Innate Abilities, Weirdness & Mutations

You are very small and have problems with some larger weapons.
You are too small for most types of armour.
You have supernaturally acute eyesight. (SInv)
You cover ground extremely quickly. (Speed+++)


Message History

The wolf closely misses you. The wolf misses you.
You shoot a bolt.
The bolt hits the wolf but does no damage.
The wolf misses you. The wolf bites you but does no damage.
You shoot a bolt. The two-headed ogre shouts in stereo!
The bolt hits the wolf!
The bolt burns the wolf.
The wolf is almost dead.
The wolf barely misses you. The wolf bites you!
You shoot a bolt. The bolt hits the wolf!!
The bolt burns the wolf.
You kill the wolf!
The acid dragon spits acid at you. The splash of acid hits you!!
You hear a howl!
You are too injured to fight recklessly!
You feel very mighty all of a sudden.
You shoot a bolt. The bolt hits the two-headed ogre.
The bolt freezes the two-headed ogre.
The two-headed ogre is lightly wounded.
You shoot a bolt. The bolt hits the two-headed ogre.
The two-headed ogre is lightly wounded.
You shoot a bolt. The bolt hits the two-headed ogre!
The two-headed ogre suddenly seems more agile.
The two-headed ogre is moderately wounded.
You shoot a bolt. The acid dragon roars!
The bolt hits the two-headed ogre but does no damage.
The two-headed ogre is moderately wounded.
A cyclops comes into view.
The acid dragon spits acid at you. The splash of acid hits you!
You hear two shouts!
You feel yourself speed up.
The cyclops throws a large rock.
The large rock hits you!
* * * LOW HITPOINT WARNING * * *
The two-headed ogre closely misses you. x2
The acid dragon spits acid at you. The splash of acid hits you!!
Ouch! That really hurt!
You die...

.............
........$..............
......................
[........###......... .
...[....## #......C .#
........# #D.....##.#
........# ##........#
.....[)..###........#
...............#@.#
...............O#.#
.................##
................##
............D..##
.........†....##
............###
............#
..........###


You could see a two-headed ogre (agile), a cyclops and 2 acid dragons.

Vanquished Creatures
  Erica (D:8)
  Joseph (D:7)
  A steam dragon (D:5)
  2 orc warriors (D:8)
  2 sky beasts
  3 ice beasts
  2 wolves (D:9)
  3 centaurs
  2 phantoms
  A kobold brigand (D:7)
  6 bullfrogs
  A necrophage (D:6)
  4 scorpions
  5 wights (D:6)
  9 killer bees
  A vampire bat (D:4)
  2 howler monkeys
  2 lava snakes (D:8)
  A quasit (D:6)
  A jelly (D:5)
  5 hounds
  3 orc priests
  2 iguanas (D:6)
  6 orc wizards
  6 gnolls
  4 adders
  A shadow imp (D:6)
  4 white imps
  An ufetubus (D:6)
  6 dart slugs
  3 fire bats (D:4)
  22 orcs
  2 spectral bats (D:4)
  5 ball pythons
  3 bat skeletons (D:4)
  4 bat zombies
  9 endoplasms
  A giant cockroach (D:2)
  18 goblins
  10 hobgoblins
  2 jackals (D:4)
  19 kobolds
  3 quokkas
  14 bats
  A bat simulacrum (D:4)
  A frilled lizard (D:1)
  6 rats
  A rat zombie (D:3)
212 creatures vanquished.

Vanquished Creatures (others)
  3 demonic plants (D:6)
  A plant (D:4)
4 creatures vanquished.

Grand Total: 216 creatures vanquished

Notes
Turn   | Place    | Note
-------+----------+-------------------------------------------
     0 | D:1      | NinjaNoafa the Spriggan Hunter began the quest for the Orb.
     0 | D:1      | Reached XP level 1. HP: 10/10 MP: 2/2
   149 | D:1      | Reached XP level 2. HP: 14/14 MP: 3/3
   660 | D:1      | Reached skill level 5 in Ranged Weapons
   688 | D:1      | Reached XP level 3. HP: 18/18 MP: 4/4
   884 | D:1      | Got the Omnibus of the Jolly Ears
  1081 | D:2      | Found a white marble altar of Elyvilon.
  1158 | D:2      | Found Vuguvur's Antique Weapon Shoppe.
  1614 | D:3      | Found a glowing golden altar of the Shining One.
  1955 | D:3      | Found an ancient bone altar of Kikubaaqudgha.
  1975 | D:3      | Reached XP level 4. HP: 22/22 MP: 5/5
  2149 | D:4      | Reached skill level 6 in Ranged Weapons
  2546 | D:4      | Reached XP level 5. HP: 25/25 MP: 6/6
  3156 | D:4      | Reached skill level 7 in Ranged Weapons
  3231 | D:4      | Reached XP level 6. HP: 30/30 MP: 7/7
  3312 | D:5      | Entered Level 5 of the Dungeon
  3347 | D:5      | Reached skill level 8 in Ranged Weapons
  3437 | D:6      | Identified the +5 sling of Loafiah {drain, rCorr Str+3
                  | Int+4}
  3705 | D:5      | Noticed a steam dragon
  3711 | D:5      | Reached XP level 7. HP: 33/33 MP: 8/8
  3793 | D:5      | Reached skill level 9 in Ranged Weapons
  3894 | D:5      | Killed a steam dragon
  4278 | D:6      | Reached skill level 10 in Ranged Weapons
  4301 | D:6      | Reached XP level 8. HP: 37/37 MP: 9/9
  4483 | D:6      | Found a runed translucent gate.
  4483 | D:6      | Found a runed translucent gate.
  4483 | D:6      | Found a runed translucent gate.
  4486 | D:6      | Identified the +9 plate armour "Qewuraul" {Fly rC+}
  4504 | D:6      | Noticed greenreed's ghost (novice KoHs)
  4505 | D:6      | Reached skill level 11 in Ranged Weapons
  4508 | D:6      | Found a radiant altar of Vehumet.
  4523 | D:6      | Found a basalt altar of Yredelemnul.
  4525 | D:6      | Found a stormy altar of Qazlal.
  4529 | D:6      | Became a worshipper of Vehumet
  4883 | D:7      | Reached skill level 12 in Ranged Weapons
  4915 | D:7      | Reached XP level 9. HP: 41/41 MP: 10/10
  5094 | D:7      | Noticed Joseph
  5277 | D:7      | Killed Joseph
  5277 | D:7      | Reached * piety under Vehumet
  5277 | D:7      | Offered knowledge of Magic Dart by Vehumet.
  5278 | D:7      | Reached skill level 13 in Ranged Weapons
  5386 | D:7      | Found a staircase to the Ecumenical Temple.
  5392 | Temple   | Entered the Ecumenical Temple
  5600 | D:8      | Found Etauggod's Weapon Shoppe.
  5711 | D:8      | Noticed an eight-headed hydra
  5734 | D:8      | Noticed Erica
  5743 | D:8      | Killed Erica
  5744 | D:8      | Reached skill level 14 in Ranged Weapons
  5744 | D:8      | Reached skill level 1 in Shields
  6010 | D:8      | Reached XP level 10. HP: 41/46 MP: 11/11
  6292 | D:8      | Offered knowledge of Static Discharge by Vehumet.
  6298 | D:8      | Reached ** piety under Vehumet
  6688 | D:9      | Noticed a two-headed ogre
  6817 | Temple   | Fell from the grace of Vehumet
  6817 | Temple   | Became a worshipper of Hepliaklqana the Forgotten
  6918 | D:9      | Noticed a two-headed ogre
  6921 | D:9      | Noticed Grum
  6958 | D:9      | Noticed a cyclops
  6961 | D:9      | Killed from afar by an acid dragon

Illustrated notes

Levels and vault maps discovered:
D:1:      giann_wishing_wells, layout_loops_corners
D:2:      layout_rooms, serial_shops, shop, basic_altar
D:3:      layout_basic, lemuel_zombie_altar_kikubaaqudgha, tso_metal_star
D:4:      corexii_shantytown, layout_basic, minivault_19, grunt_ministairs_10,
          goddamned_bats
D:5:      layout_cave_pools
D:6:      kennysheep_spiral_hall, layout_cave_pools, grunt_temple_overflow_open,
          biasface_ghost_orc_armoury, serial_demonic, serial_demonic_c,
          serial_demonic_c, serial_demonic_b, serial_demonic_g,
          chequers_serial_rivers_large_a
D:7:      layout_basic, minmay_temple_entry_fiery, uniq_joseph
D:8:      layout_gridville, serial_shops, nicolae_shop_bloodbath_and_beyond,
          grunt_ministairs_6, minmay_misc_feat_hallway, kennysheep_island_fort,
          uniq_erica
D:9:      layout_big_octagon, david_lair_generic, uniq_grum
Temple:   sentei_temple_godly_chess

Skill      XL: |  1  2  3  4  5  6  7  8  9 |
---------------+----------------------------+-----
Ranged Weapons | 5 6 7 8 10 12 14 | 14.8
Dodging        | 3 |  3.0
Shields        | 2 |  2.7
Fighting       | |  1.5
Stealth        | |  1.5

Action                   |  1- 3 |  4- 6 |  7- 9 | 10-12 || total
-------------------------+-------+-------+-------+-------++-------
 Fire: Shortbow          |   118 |   184 |       |       ||   302
       Sling             |       |    12 |   274 |    45 ||   331
       Arbalest          |       |       |       |    46 ||    46
Throw: Boomerang         |       |     3 |       |       ||     3
  Use: Scroll            |     1 |    11 |     6 |     2 ||    20
       Potion            |       |       |       |     3 ||     3
Armor: Robe              |     5 |    54 |    22 |    12 ||    93
Dodge: Dodged            |    19 |   207 |   115 |    49 ||   390
Block: Buckler           |       |       |    70 |    20 ||    90

Table legend: (Time is in decaauts)
 A = Elapsed time spent in this place.
 B = Non-inter-level travel time spent in this place.
 C = Inter-level travel time spent in this place.
 D = Time resting spent in this place.
 E = Time spent auto-exploring this place.
 F = Levels seen in this place.
 G = Mean time per level.
                   A        B        C        D        E       F      G
               +--------+--------+--------+--------+--------+-----+--------+
         Total |   4703 |   4249 |    454 |      0 |   2855 |  10 |  470.3 |
       Dungeon |   4678 |   4235 |    443 |      0 |   2854 |   9 |  519.8 |
        Temple |     25 |     14 |     11 |      0 |      1 |   1 |   25.0 |
               +--------+--------+--------+--------+--------+-----+--------+

Top non-repeatable levels by time:
     D:4: 960 daAuts
     D:8: 796 daAuts
     D:1: 716 daAuts
     D:6: 532 daAuts
     D:7: 517 daAuts
     D:5: 423 daAuts
     D:3: 420 daAuts
     D:2: 241 daAuts
     D:9: 69 daAuts
  Temple: 25 daAuts
